 Dungeon Crawl Stone Soup version 0.30-a0-739-gea05faddec (webtiles) character file.

Game seed: 17185158504833525262

118 jimonade the Twirler (level 5, 0/38 HPs)
             Began as a Djinni Gladiator on Feb 4, 2023.
             Slain by an orc priest
             ... wielding a +0 dagger
              (4 damage)
             ... on level 3 of the Dungeon.
             The game lasted 00:04:10 (2004 turns).

jimonade the Twirler (Djinni Gladiator)             Turns: 2004, Time: 00:04:11

Health: 0/38       AC:  5    Str: 13    XL:     5   Next: 23%
Gold:   278        EV: 12    Int: 12    God:
                   SH:  0    Dex: 14

rFire   + + .      SeeInvis .    a - +0 quarterstaff
rCold   x . .      Faith    .    (shield currently unavailable)
rNeg    . . .      Spirit   .    l - +0 leather armour
rPois   ∞          Reflect  .    c - +0 helmet
rElec   .          Harm     .    (no cloak)
rCorr   .          Rampage  .    p - +0 pair of gloves
Will    .....                    (boots unavailable)
Stlth   +                        (no amulet)
HPRegen 0.26/turn                (no ring)
MPRegen 0.00/turn                (no ring)

@: flying
A: sickness immunity, fire resistance 2, cold vulnerability 1, float, innate
caster, HP casting, extra vitality 1
a: no special abilities


You were on level 3 of the Dungeon.
You visited 1 branch of the dungeon, and saw 4 of its levels.

You collected 278 gold pieces.

Inventory:

Hand Weapons
 a - a +0 quarterstaff (weapon)
 b - a +0 sling
 i - a +0 dagger of holy wrath
Missiles
 d - 3 throwing nets (quivered)
 e - a javelin
 k - 2 atropa-tipped darts
Armour
 c - a +0 helmet (worn)
 l - a +0 leather armour (worn)
 n - a +0 helmet
 o - a +0 leather armour
 p - a +0 pair of gloves (worn)
Magical Staves
 t - a staff of poison
Scrolls
 g - a scroll of vulnerability {unknown}
 h - a scroll of amnesia {unknown}
 j - a scroll of teleportation {unknown}
 r - a scroll of torment {unknown}
 s - a scroll of immolation {unknown}
Potions
 f - a potion of might {unknown}
 m - a potion of flight {unknown}
 q - a potion of curing {unknown}
 u - a potion of heal wounds {unknown}


   Skills:
 + Level 2.3 Fighting
 * Level 4.3 Staves
 - Level 1.5 Throwing
 + Level 1.2 Armour
 + Level 3.5 Dodging
 * Level 0.5 Spellcasting


You had 2 spell levels left.
You knew the following spells:

 Your Spells              Type           Power      Damage    Failure   Level
a - Sting                 Tmut/Pois      4%         1d3       32%         1
b - Ensorcelled Hibernat  Hex/Ice        2%         N/A       43%         2
Your spell library was empty.

Dungeon Overview and Level Annotations

Branches:
Dungeon (4/15)
 Temple: D:4-7

Altars:
Uskayaw


Innate Abilities, Weirdness & Mutations

You are immune to sickness and miasma.
You are immune to poison.
Your flesh is very heat resistant. (rF++)
You are vulnerable to cold. (rC-)
You float through the air rather than walking.
You learn spells naturally, not from books.
Your magical power is your life essence.
You have superior vitality. (+4 MHP)


Message History

Done exploring.
Search for what [Enter for "."]? .
Done exploring.
There is a stone staircase leading down here.
You fly downwards.
The orc priest shouts!
The orc wizard shouts!
The orc shouts!
You hear a shout!
You hear an angry hiss.
Found four items.
There is a stone staircase leading up here.
An endoplasm comes into view.
The orc priest hits you but does no damage.
You fly upwards.
There is a stone staircase leading down here.
a - a +0 quarterstaff (weapon)
You closely miss the orc priest.
The orc priest hits you with a +0 dagger.
You hit the orc priest.
The orc priest is lightly wounded.
The orc priest mumbles some strange prayers to Beogh against you.
Pain shoots through your body!
You barely miss the orc priest.
The orc priest is lightly wounded.
The orc priest hits you with a +0 dagger.
You closely miss the orc priest.
The orc priest is lightly wounded.
The orc priest hits you with a +0 dagger.
You barely miss the orc priest.
The orc priest hits you but does no damage.
You hit the orc priest.
The orc priest is moderately wounded.
The orc priest mumbles some strange prayers to Beogh against you.
Beogh smites you!
* * * LOW HITPOINT WARNING * * *
You are too injured to fight recklessly!
You hit the orc priest.
The orc priest is severely wounded.
The orc priest hits you with a +0 dagger.
* * * LOW HITPOINT WARNING * * *
The orc priest hits you with a +0 dagger.
You die...

#.#.##.............#..########.#
.........[.........#.........#÷##
#...................######.......
####....#.........#.# #####...
#...#.............# #######.##
#...###.........<.# #[.P......
##...##............######.PPP~..
##....#..##....#......##..####~..
......<.###.....@.....#.......###
##....### #.##.o..........~PP.._#
........###.#............P..~.###
#.#.....#.....#.........~P~..~..#
#.#...#......###.[........~⌠⌠...#
#.#####...#..###.......)....~.###
#.# ##.......##...........PP.....
#.###...........#####...P....P...
#...#.......#..## ##.##..###.##


You could see an orc priest.

Vanquished Creatures
  An orc priest (D:2)
  2 adders
  2 worms
  2 dart slugs
  4 orcs (D:2)
  4 endoplasms
  3 giant cockroaches
  7 goblins
  4 hobgoblins
  3 jackals (D:2)
  4 kobolds
  4 quokkas
  5 ball pythons
  4 bats
  A frilled lizard (D:1)
  3 rats
53 creatures vanquished.

Vanquished Creatures (others)
  4 toadstools (D:1)
4 creatures vanquished.

Grand Total: 57 creatures vanquished

Notes
Turn   | Place    | Note
-------+----------+-------------------------------------------
     0 | D:1      | jimonade the Djinni Gladiator began the quest for the Orb.
     0 | D:1      | Reached XP level 1. HP: 18/18 MP: 0/0
   129 | D:1      | Reached skill level 3 in Staves
   129 | D:1      | Reached XP level 2. HP: 23/23 MP: 0/0
   411 | D:1      | Reached XP level 3. HP: 28/28 MP: 0/0
   411 | D:1      | Learned a level 1 spell: Sting
  1061 | D:2      | Reached XP level 4. HP: 33/33 MP: 0/0
  1207 | D:2      | Reached skill level 4 in Staves
  1207 | D:2      | Reached skill level 1 in Armour
  1554 | D:3      | Reached XP level 5. HP: 36/38 MP: 0/0
  1554 | D:3      | Learned a level 2 spell: Ensorcelled Hibernation
  1561 | D:3      | Found a faded altar of an unknown god.
  1778 | D:3      | Found a hide-covered altar of Uskayaw.
  2004 | D:3      | Slain by an orc priest

Illustrated notes

Levels and vault maps discovered:
D:1:      psy_arrival_wood_between_worlds, layout_basic, hangedman_glass_teeth,
          minmay_gold_behind_fungi
D:2:      cheibrodos_pilgrimage, layout_loops_ring
D:3:      layout_rooms, amcnicky_altar_gilded,
          shapermc_ecumenical_altar_mp_ritualfount
D:4:      layout_cave_pools, mainiacjoe_overflow_concentric_impassable,
          grunt_ministairs_10

Skill      XL: |  1  2  3  4 |
---------------+-------------+-----
Staves         | 3 4 |  4.3
Armour         | 1 |  1.2
Fighting       | |  2.3
Throwing       | |  1.5
Dodging        | |  3.5
Spellcasting   | |  0.5

Action                     |  1- 3 |  4- 6 || total
---------------------------+-------+-------++-------
  Melee: Quarterstaff      |    86 |    70 ||   156
         Staff             |       |     2 ||     2
 Armour: Leather armour    |    29 |    14 ||    43
  Dodge: Dodged            |    56 |    40 ||    96

Table legend: (Time is in decaauts)
 A = Elapsed time spent in this place.
 B = Non-inter-level travel time spent in this place.
 C = Inter-level travel time spent in this place.
 D = Time resting spent in this place.
 E = Time spent auto-exploring this place.
 F = Levels seen in this place.
 G = Mean time per level.
                   A        B        C        D        E       F      G
               +--------+--------+--------+--------+--------+-----+--------+
         Total |   2020 |   1869 |    151 |      0 |   1448 |   4 |  505.0 |
       Dungeon |   2020 |   1869 |    151 |      0 |   1448 |   4 |  505.0 |
               +--------+--------+--------+--------+--------+-----+--------+

Top non-repeatable levels by time:
     D:2: 897 daAuts
     D:1: 661 daAuts
     D:3: 458 daAuts
     D:4: 2 daAuts
